 Dungeon Crawl Stone Soup version 0.29.0-11-gd7f09526c8 (webtiles) character file.

Game seed: 2607951874913600612

21 Armakuni the Slasher (level 2, 0/23 HPs)
             Began as a Vampire Abyssal Knight on Sept 2, 2022.
             Was a Believer of Lugonu.
             Succumbed to an adder's poison
             ... on level 2 of the Dungeon.
             The game lasted 00:01:29 (382 turns).

Armakuni the Slasher (Vampire Abyssal Knight)        Turns: 382, Time: 00:01:30

Health: 0/23       AC:  4    Str: 12    XL:     2   Next: 62%
Magic:  3/3        EV: 12    Int: 12    God:    Lugonu [**....]
Gold:   10         SH:  0    Dex: 14    Spells: 1/1 levels left

rFire   . . .      SeeInvis +   a - +2 falchion
rCold   . . .      Faith    .   (no shield)
rNeg    . . .      Spirit   .   b - +1 leather armour
rPois   .          Reflect  .   (no helmet)
rElec   .          Harm     .   (no cloak)
rCorr   .          Rampage  .   (no gloves)
Will    .....                   (no boots)
Stlth   +.........              (no amulet)
HPRegen 0.27/turn               (no ring)
MPRegen 0.08/turn               (no ring)

@: lethally poisoned (0 -> -3), healing quickly
A: alive, fangs 3, see invisible, vampiric 1
a: Exsanguinate, Renounce Religion, Depart the Abyss, Bend Space


You were on level 2 of the Dungeon.
You worshipped Lugonu.
Lugonu was pleased with you.
You visited 1 branch of the dungeon, and saw 2 of its levels.
You visited the Abyss 1 time.

You collected 10 gold pieces.

Inventory:

Hand Weapons
 a - a +2 falchion (weapon)
Armour
 b - a +1 leather armour (worn)


   Skills:
 - Level 2.6 Fighting
 + Level 3.2 Long Blades
 - Level 0.7 Armour
 - Level 2.1 Dodging
 - Level 1.5 Invocations


You had one spell level left.
You didn't know any spells.
Your spell library was empty.

Dungeon Overview and Level Annotations

Branches:
Dungeon (1/15)

Altars:


Innate Abilities, Weirdness & Mutations

Your natural rate of healing is accelerated.
You have razor-sharp teeth.
You have supernaturally acute eyesight. (SInv)
You are afflicted with vampirism.


Message History

You hit the adder but do no damage. Your bite misses the adder.
The adder is severely wounded.
You feel sick. The adder closely misses you.
The adder bites you but does no damage.
You hit the adder but do no damage. You bite the adder.
The adder is almost dead.
You feel sick. The adder misses you.
You barely miss the adder.
The adder is severely wounded.
You feel sick. The adder bites you. x2
You are more poisoned.
The adder poisons you!
You hit the adder.
The adder is almost dead.
You feel sick. The adder bites you.
* * * LOW HITPOINT WARNING * * *
You are lethally poisoned!
The adder poisons you!
You hit the adder.
You kill the adder!
Lugonu accepts your kill.
* * * LOW HITPOINT WARNING * * *
You feel sick.
Your Long Blades skill increases to level 3!
You aren't carrying any potions.
As you read the scroll labelled HUTAEPSAOM, it crumbles to dust.
It is a scroll of identify.
d - a scroll of enchant armour
* * * LOW HITPOINT WARNING * * *
You feel sick.
As you read the scroll of enchant armour, it crumbles to dust.
Your +0 leather armour glows green for a moment.
* * * LOW HITPOINT WARNING * * *
You feel sick.
As you read the scroll labelled HIZ EVIUNEUPT, it crumbles to dust.
It is a scroll of enchant weapon.
Your +1 falchion glows red for a moment.
* * * LOW HITPOINT WARNING * * *
You feel sick.
You die...

......
......###+###
............
.........#
........# #
#:.....#
#.##......#
#.....@...#
####......#
#......+
#......#
#......#
##..#### #..#
#.######..#
#.........#


There were no monsters in sight!

Vanquished Creatures
  An adder (D:2)
  3 endoplasms (D:1)
  A goblin (D:1)
  2 hobgoblins (D:1)
  A kobold (D:1)
  A ball python (D:1)
  A frilled lizard (D:1)
  A rat (D:2)
11 creatures vanquished.

Notes
Turn   | Place    | Note
-------+----------+-------------------------------------------
     0 | Abyss:1  | Armakuni the Vampire Abyssal Knight began the quest for the
                  | Orb.
     0 | Abyss:1  | Reached XP level 1. HP: 17/17 MP: 2/2
    38 | Abyss:1  | Noticed a starcursed mass
    39 | D:1      | Escaped the Abyss
   261 | D:1      | Reached ** piety under Lugonu
   281 | D:1      | Reached XP level 2. HP: 10/23 MP: 3/3
   358 | D:1      | You fall into a shaft and drop 1 floor!
   379 | D:2      | Reached skill level 3 in Long Blades
   381 | D:2      | HP: 1/23 [poisoned by an adder]
   382 | D:2      | Succumbed to an adder's poison

Illustrated notes

Levels and vault maps discovered:
D:1:      dpeg_arrival_stone_temple_mockup, layout_basic,
          ebering_ecumenical_altar_webs, minmay_misc_feat_pillars,
          minmay_heptomino_w4
D:2:      layout_basic, hangedman_abyss_or_decor_stabs, nrook_uturn

Skill      XL: |  1  2 |
---------------+-------+-----
Long Blades    | 3 |  3.2
Fighting       | |  2.6
Armour         | |  0.7
Dodging        | |  2.1
Invocations    | |  1.5

Action                   || total
-------------------------++-------
Melee: Falchion          ||    53
       Bite              ||     2
Invok: Depart the Abyss  ||     1
  Use: Potion            ||     2
       Scroll            ||     3
Armor: Leather armour    ||     6
Dodge: Dodged            ||    34
